 Dungeon Crawl Stone Soup version bcrawl-1.15.1 (webtiles) character file.

Game seed: 16376316479853785027

184 Kairok the Covert (level 5, -5/30 HPs)
             Began as a Vine Stalker Rogue on Sept 26, 2019.
             Slain by an orc
             ... wielding a +0 hand axe
              (7 damage)
             ... on level 4 of the Dungeon.
             The game lasted 00:04:10 (1930 turns).

Kairok the Covert (Vine Stalker Rogue)              Turns: 1930, Time: 00:04:10

Health: -5/30      AC:  3    Str: 13    XL:     5   Next: 63%
Magic:  7/7        EV: 11    Int: 11    God:
Gold:   169        SH:  0    Dex: 17    Spells: 4/4 levels left

rFire    . . .     SeeInvis .   i - +2 dagger (venom)
rCold    . . .     Gourm    .   (no shield)
rNeg     . . .     Faith    .   r - +0 leather armour
rPois    .         Spirit   .   (no helmet)
rElec    .         Reflect  .   p - scarf {repulsion}
rCorr    .         Harm     .   (no gloves)
MR       .....                  (no boots)
Stlth    ++++......             j - amulet of magic regeneration
HPRegen  0.50/turn              (no ring)
MPRegen  0.35/turn              (no ring)

@: repel missiles
A: fangs 2, regeneration 1, no potion heal 3, rot immunity, strong jaws
a: no special abilities


You were on level 4 of the Dungeon.
You were not hungry.

You visited 1 branch of the dungeon, and saw 4 of its levels.

You collected 169 gold pieces.

Inventory:

Hand Weapons
 a - a +2 dagger
 b - a +0 blowgun
 i - a +2 dagger of venom (weapon)
 m - a +0 antimagic dagger
 t - a +0 short sword of speed
Missiles
 e - 80 poisoned needles
 u - 137 tomahawks (quivered)
Armour
 c - a +0 robe
 d - a +0 cloak
 p - a scarf of repulsion (worn)
 r - a +0 leather armour (worn)
Jewellery
 j - an amulet of magic regeneration (around neck)
Wands
 f - a wand of flame (14)
 g - a wand of enslavement (15)
Scrolls
 k - 3 scrolls of teleportation
 l - 2 scrolls of remove curse {unknown}
 q - a scroll of magic mapping {unknown}
 v - 2 scrolls of amnesia {unknown}
 w - a scroll of enchant weapon {unknown}
 y - 2 scrolls of identify
Potions
 n - 3 potions of curing
 o - a potion of heal wounds {unknown}
 s - a potion of cancellation {unknown}
 x - 2 potions of invisibility {unknown}
Comestibles
 h - 6 rations {!d}


   Skills:
 + Level 2.3 Fighting
 + Level 2.5 Short Blades
 + Level 0.7 Armour
 + Level 0.9 Dodging
 + Level 8.4 Stealth
 + Level 1.8 Evocations


You had 4 spell levels left.
You didn't know any spells.
Your spell library was empty.

Dungeon Overview and Level Annotations

Branches:
Dungeon (4/12)
 Temple: D:4-7

Altars:
Dithmenos
Makhleb
Zin


Innate Abilities, Weirdness & Mutations

You have extremely sharp teeth.
Your natural rate of healing is unusually fast.
Potions cannot restore your health.
You are immune to rotting.
Your bites deal extra damage.


Message History

The orc barely misses you. x2; The orc priest hits you with a +0 whip.
You are too injured to fight recklessly!
You are too injured to fight recklessly!
You are too injured to fight recklessly!
You are too injured to fight recklessly!
You hit the orc priest.
The orc priest looks as sick as possible!
You bite the orc priest, but do no damage.
The orc priest is moderately wounded.
The orc closely misses you. The orc completely misses you.
The orc hits you but does no damage. The orc priest hits you with a +0 whip!
You completely miss the orc priest.
The orc priest is moderately wounded.
The orc hits you with a cursed +0 short sword.
* * * LOW HITPOINT WARNING * * *
The orc priest completely misses you.
The orc hits you with a +1 flail of protection.
* * * LOW HITPOINT WARNING * * *
The orc hits you with a +0 hand axe!
You die...

## ..# #.# ##.##
#### #######...#
...
#.....#...##.####
#...........<.... .
#......<....o##....
#..........@o...#
.....%#...#oo......
#####.............#
#.##.#..#.#.#?# ...
..#........# .##
##........### #
#.#.##.### ..... ..


You could see an orc priest and 3 orcs.

Vanquished Creatures
  A hound (D:2)
  An orc wizard (D:3)
  4 adders
  An ooze (D:1)
  A worm (D:3)
  A dart slug (D:2)
  3 leopard geckos
  10 orcs
  4 bats
  4 giant cockroaches (D:1)
  11 hobgoblins
  4 jackals (D:3)
  A quokka (D:3)
  A ball python (D:2)
  2 frilled lizards
  7 goblins
  7 kobolds
  3 rats
66 creatures vanquished.

Notes
Turn   | Place    | Note
-------+----------+-------------------------------------------
     0 | D:1      | Kairok the Vine Stalker Rogue began the quest for the Orb.
     0 | D:1      | Reached XP level 1. HP: 12/12 MP: 3/3
    20 | D:1      | Reached skill level 6 in Stealth
    62 | D:1      | Reached XP level 2. HP: 17/17 MP: 4/4
   324 | D:1      | Reached XP level 3. HP: 21/21 MP: 5/5
   452 | D:1      | Reached skill level 7 in Stealth
   690 | D:2      | Found a burning altar of Makhleb.
   713 | D:2      | Reached XP level 4. HP: 26/26 MP: 6/6
  1335 | D:2      | Found a shadowy altar of Dithmenos.
  1454 | D:3      | Reached skill level 8 in Stealth
  1488 | D:3      | Reached XP level 5. HP: 14/30 MP: 7/7
  1719 | D:3      | Found a glowing silver altar of Zin.
  1719 | D:3      | Noticed an angel
  1930 | D:4      | Slain by an orc

Skill      XL: |  1  2  3  4 |
---------------+-------------+-----
Stealth        | 6 7 8 |  8.4
Fighting       | 2 |  2.3
Short Blades   | 2 |  2.5
Armour         | |  0.7
Dodging        | |  0.9
Evocations     | |  1.8

Action                   |  1- 3 |  4- 6 || total
-------------------------+-------+-------++-------
Melee: Dagger            |    68 |    57 ||   125
       Bite              |     7 |     6 ||    13
       Short sword       |       |    25 ||    25
Evoke: Wand              |       |     1 ||     1
  Use: Scroll            |     2 |       ||     2
 Stab: Sleeping          |     8 |    10 ||    18
  Eat: Chunk             |       |     3 ||     3
Armor: Robe              |    13 |       ||    13
       Leather armour    |       |    18 ||    18
Dodge: Dodged            |    47 |    48 ||    95
       Deflected         |       |     1 ||     1
